 Dungeon Crawl Stone Soup version 0.29-a0-453-gf113fcf677 (webtiles) character file.

Game seed: 13519670489763396286

115638 Faeu the Slayer (level 16, 0/255 HPs)
             Began as a Minotaur Berserker on May 19, 2022.
             Was the Champion of Trog.
             Killed from afar by a nagaraja (1 damage)
             ... with a splash of poison
             ... on level 4 of the Snake Pit on May 20, 2022.
             The game lasted 02:05:59 (27038 turns).

Faeu the Slayer (Minotaur Berserker)               Turns: 27038, Time: 02:06:00

Health: 0/255      AC: 35    Str: 40    XL:     16   Next: 19%
Magic:  15/15      EV:  7    Int:  6    God:    Trog [******]
Gold:   2173       SH:  0    Dex: 14    Spells: 15/15 levels left

rFire   + . .      SeeInvis .   W - +12 war axe "Wohuam" {protect, Int+2, axe}
rCold   . . .      Faith    .   (no shield)
rNeg    . . .      Spirit   .   a - +2 plate armour of Noikhlef {+Inv Str+4}
rPois   +          Reflect  .   U - +2 hat of Analysis {rF+}
rElec   .          Harm     .   Y - +1 cloak
rCorr   .          Rampage  .   M - +1 pair of gloves
Will    +....                   H - +0 pair of boots
Stlth   ..........              P - amulet of regeneration {@e2}
HPRegen 1.32/turn               s - +6 ring of strength
MPRegen 0.14/turn               A - ring of poison resistance

@: berserking (expiring), lethally poisoned (0 -> -1), under a protective aura,
slowed, constricted
A: horns 2, retaliatory headbutt, agile 2, MP-powered wands
a: Renounce Religion, Evoke Invisibility, Berserk, Trog's Hand, Brothers in Arms


You were on level 4 of the Snake Pit.
You worshipped Trog.
Trog was exalted by your worship.
You visited 5 branches of the dungeon, and saw 25 of its levels.

You collected 2173 gold pieces.


Innate Abilities, Weirdness & Mutations

You have a pair of horns on your head.
You reflexively headbutt those who attack you in melee.
You are very agile. (Dex +4)
You expend magic power (3 MP) to strengthen your wands.


   Skills:
 + Level 22.6 Fighting
 + Level 20.2 Axes
 + Level 16.1 Armour
 - Level 2.1 Dodging
 - Level 5.0 Evocations


You had 15 spell levels left.
You didn't know any spells.
Your spell library contained the following spells:

 Spells                   Type           Power      Damage    Failure   Level
 Apportation              Tloc           0%         N/A       86%         1
 Freeze                   Ice            0%         1d3       86%         1
 Necrotize                Necr           0%         1d4       86%         1
 Sandblast                Erth           0%         2d4       86%         1
 Summon Small Mammal      Summ           0%         N/A       86%         1
 Ensorcelled Hibernation  Hex/Ice        0%         N/A       95%         2
 Passwall                 Tmut/Erth      0%         N/A       95%         2
 Sublimation of Blood     Necr           0%         N/A       95%         2
 Conjure Flame            Conj/Fire      0%         6-21      99%         3
 Dazzling Flash           Conj/Hex       0%         N/A       99%         3
 Frozen Ramparts          Ice            0%         1d2       99%         3
 Gell's Gravitas          Tloc           0%         N/A       99%         3
 Ignite Poison            Fire/Tmut/Pois 0%         N/A       99%         3
 Lesser Beckoning         Tloc           0%         N/A       99%         3
 Portal Projectile        Hex/Tloc       0%         N/A       99%         3
 Stone Arrow              Conj/Erth      0%         3d7       99%         3
 Swiftness                Air            0%         N/A       99%         3
 Teleport Other           Tloc           0%         N/A       99%         3
 Tukima's Dance           Hex            0%         N/A       99%         3
 Airstrike                Air            0%         N/A       100%        4
 Hailstorm                Conj/Ice       0%         3d3       100%        4
 Olgreb's Toxic Radiance  Pois           0%         N/A       100%        4
 Passage of Golubria      Tloc           0%         N/A       100%        4
 Petrify                  Tmut/Erth      0%         N/A       100%        4
 Sticky Flame             Conj/Fire      0%         2d3       100%        4
 Summon Lightning Spire   Summ/Air       0%         N/A       100%        4
 Agony                    Necr           0%         N/A       100%        5
 Alistair's Intoxication  Tmut/Pois      0%         N/A       100%        5
 Blade Hands              Tmut           0%         N/A       100%        5
 Fireball                 Conj/Fire      0%         3d3       100%        5
 Irradiate                Conj/Tmut      0%         3d13      100%        5
 Iskenderun's Battlesphe  Conj           0%         2d6       100%        5
 Lightning Bolt           Conj/Air       0%         1d11      100%        5
 Silence                  Hex/Air        0%         N/A       100%        5
 Conjure Ball Lightning   Conj/Air       0%         3x3d6     100%        6
 Orb of Destruction       Conj           0%         9d5       100%        7
 Ozocubu's Refrigeration  Ice            0%         4d5       100%        7
 Ignition                 Fire           0%         3d3       100%        8
 Lehudib's Crystal Spear  Conj/Erth      0%         10d2      100%        8

Inventory:

Hand Weapons
 h - the +7 whip of Radicalism {freeze, rPois Will+ Int-2, mace}
   (You found it on level 2 of the Lair of Beasts)

   It freezes those it strikes, dealing additional cold damage.
   It can also slow down cold-blooded creatures.
   Int:       It affects your intelligence (-2).
   rPois:     It protects you from poison.
   Will:      It increases your willpower.
 t - the +4 spear of Fortitude {chaos, rElec Stlth+, polearm}
   (You found it on level 6 of the Dungeon)

   Each time it hits an enemy it has a different, random effect.
   rElec:     It insulates you from electricity.
   Stlth:     It makes you more stealthy.
 u - a +5 antimagic battleaxe {axe}
   (Trog gifted it to you on level 4 of the Lair of Beasts)
 E - a +4 executioner's axe of flaming {axerare=g}
   (Trog gifted it to you on level 1 of the Orcish Mines)
 T - the +8 battleaxe of Quantum Leap {vorpal, *Noise +Blink Stlth+, axe}
   (Trog gifted it to you on level 12 of the Dungeon)

   It inflicts extra damage upon your enemies.
   +Blink:    It lets you blink.
   *Noise:    It may make noises in combat.
   Stlth:     It makes you more stealthy.
 W - the +12 war axe "Wohuam" (weapon) {protect, Int+2, axe}
   (You found it on level 9 of the Dungeon)

   It grants its wielder temporary protection when it strikes (+7 to AC).
   Int:       It affects your intelligence (+2).
Missiles
 y - 7 curare-tipped darts (quivered) {=fthrowing}
 G - 45 poisoned darts {throwing}
 X - 2 silver javelins {throwing}
Armour
 a - the +2 plate armour of Noikhlef (worn) {+Inv Str+4}
   (You found it on level 6 of the Dungeon)

   Str:       It affects your strength (+4).
   +Inv:      It lets you turn invisible.
 r - +0 acid dragon scales
   (You found it on level 3 of the Snake Pit)
 F - a +0 ring mail of willpower
   (You found it on level 1 of the Lair of Beasts)
 H - a +0 pair of boots (worn)
   (You found it on level 8 of the Dungeon)
 M - a +1 pair of gloves (worn)
   (You found it on level 8 of the Dungeon)
 U - the +2 hat of Analysis (worn) {rF+}
   (You found it on level 2 of the Lair of Beasts)

   rF:        It protects you from fire.
 Y - a +1 cloak (worn)
   (You found it on level 1 of the Orcish Mines)
 Z - a +2 plate armour of fire resistance
   (You took it off Louise on level 1 of the Snake Pit)
Jewellery
 s - a +6 ring of strength (left hand)
   (You found it on level 2 of the Dungeon)
 A - a ring of poison resistance (right hand)
   (You found it on level 3 of the Dungeon)
 I - a +4 ring of slaying
   (You found it on level 7 of the Dungeon)
 P - an amulet of regeneration (around neck) {@e2}
   (You found it on level 3 of the Lair of Beasts)
Wands
 z - a wand of iceblast (16)
   (You found it on level 6 of the Dungeon)
 O - a wand of acid (4)
   (You found it on level 2 of the Lair of Beasts)
 Q - a wand of mindburst (19)
   (You took it off Psyche on level 10 of the Dungeon)
 R - a wand of polymorph (7)
   (You took it off Maurice on level 1 of the Orcish Mines)
 V - a wand of flame (22)
   (You took it off Maggie on level 9 of the Dungeon)
Scrolls
 b - 5 scrolls of fog
 c - 4 scrolls of fear
 d - a scroll of summoning {unknown}
 e - 2 scrolls of brand weapon
 f - 6 scrolls of teleportation {@r4}
 g - 5 scrolls of magic mapping {!r}
 j - 2 scrolls of vulnerability {!r!r}
 k - 5 scrolls of enchant armour
 m - 8 scrolls of immolation {!r!r}
 p - 3 scrolls of poison {unknown}
 x - a scroll of acquirement {unknown}
 B - 2 scrolls of silence {!r}
 J - 3 scrolls of noise {unknown}
 S - 2 scrolls of blinking {unknown}
Potions
 i - 2 potions of heal wounds {@q2}
 l - 3 potions of mutation {!q}
 n - 2 potions of haste {unknown}
 o - 4 potions of brilliance {unknown}
 q - 4 potions of invisibility {unknown}
 w - 11 potions of curing {@q1}
 D - 5 potions of attraction {!q}
 K - 2 potions of magic {unknown}
 L - 2 potions of berserk rage {unknown}
 N - 4 potions of lignification {!q}
Miscellaneous
 v - a phantom mirror
   (You found it on level 10 of the Dungeon)
 C - a box of beasts
   (You found it on level 2 of the Lair of Beasts)

Dungeon Overview and Level Annotations

Branches:
Dungeon (12/15)            Temple (0/1) D:6            Lair (6/6) D:8
 Shoals (1/4) Lair:3        Snake (4/4) Lair:2        Slime (0/5) Lair:6
    Orc (2/2) D:12            Elf (0/3) Orc:2

Altars:
Ashenzari
Cheibriados
Dithmenos
Elyvilon
Gozag
Kikubaaqudgha
Ru
Trog
Vehumet
Xom
Zin
Beogh

Shops:
Orc:1 =[!   Orc:2 ([([?   Snake:2 =

Annotations:
D:4 1 runed translucent door, Pikel

.##....#......#....##.........
..##...##....##N..##..........
...##...##..##...##...........
....##..N####...##............
.....##.N.##...##...........##
......##.N..)[##............#.
.......##.).)##......)......##
.......)##)N##)...)|.[<.....#.
............N@.)..[...).....#.
..........##.)))....))........
###......................########
..##....###.........###.##
...#...##.#####...###...#
..##...#......##..#.....#
..##...#.......#.##.....#
...#...#......##.#......#
...#...#.......#.######.#


You could see a nagaraja (fast, strong, resistant, catching breath), a
salamander (strong) and 2 nagas.


Message History

Your weapon exudes an aura of protection.
You headbutt the salamander, but do no damage.
You hit the salamander mystic. You slice the naga!!
You kill the naga!
Trog accepts your kill.
You slice the naga warrior!! You hit the naga sharpshooter.
You closely miss the guardian serpent.
You hear a shout!
The naga warrior spits poison at you.
The splash of poison hits you but does no damage.
You resist. The naga warrior constricts you.
The guardian serpent barely misses you. You furiously retaliate!
You headbutt the guardian serpent.
The salamander hits you with a +3 trident!!
You are engulfed in flames.
You resist.
* * * LOW HITPOINT WARNING * * *
😨 HP[-23]
You take 23 damage, and now have 125/255 hp.
You closely miss the naga warrior. You headbutt the naga warrior.
You slash the naga sharpshooter! You slash the guardian serpent!
You hit the salamander but do no damage.
You hit the salamander mystic.
The naga warrior hits you with a +0 halberd!
* * * LOW HITPOINT WARNING * * *
The naga warrior constricts you.
The salamander mystic hits you with a +0 quarterstaff!
* * * LOW HITPOINT WARNING * * *
You are engulfed in flames.
You resist.
* * * LOW HITPOINT WARNING * * *
The naga sharpshooter unwields a +0 shortbow.
The naga sharpshooter wields a +0 war axe.
The naga sharpshooter closely misses you.
The guardian serpent hits you but does no damage.
The nagaraja mumbles some strange words.
The nagaraja seems to speed up. 😨 HP[-32]
You take 32 damage, and now have 93/255 hp.
You carve the naga warrior like a ham!!!
You slash the salamander mystic! You slice the salamander!!
You kill the salamander!
Trog accepts your kill.
You barely miss the guardian serpent. You slice the naga sharpshooter!!
You hear an angry hiss.
The naga warrior roars a battlecry!
The nagaraja goes into a battle-frenzy!
The naga warrior constricts you.
The salamander mystic completely misses you.
You furiously retaliate!
You headbutt the salamander mystic! The guardian serpent hits you!
* * * LOW HITPOINT WARNING * * *
The naga sharpshooter unwields a +0 war axe.
The naga sharpshooter wields a +0 shortbow.
The naga sharpshooter shoots an arrow.
The arrow hits you but does no damage.
The naga warrior hits you but does no damage.
The naga warrior constricts you. 😨 HP[-16]
You take 16 damage, and now have 77/255 hp.
You miss the guardian serpent.
Your headbutt misses the guardian serpent.
You punch the guardian serpent. You slash the salamander mystic!
You barely miss the naga warrior. You slash the naga sharpshooter!
The guardian serpent closely misses you.
You furiously retaliate!
You headbutt the guardian serpent!!
You kill the guardian serpent!
Trog accepts your kill.
Trog appreciates your killing of a magic user.
The naga warrior hits you with a +0 halberd!!
* * * LOW HITPOINT WARNING * * *
The naga warrior constricts you.
* * * LOW HITPOINT WARNING * * *
The salamander mystic hits you with a +0 quarterstaff!
* * * LOW HITPOINT WARNING * * *
You are engulfed in flames!
You resist.
* * * LOW HITPOINT WARNING * * *
😱 HP[-43]
You take 43 damage, and now have 34/255 hp.
You slice the naga warrior!!
You kill the naga warrior!
Trog accepts your kill.
You slice the salamander mystic!!
You kill the salamander mystic!
Trog accepts your kill.
Trog appreciates your killing of a magic user.
You slice the naga sharpshooter!!
You kill the naga sharpshooter!
Trog accepts your kill.
Trog appreciates your killing of a magic user.
The nagaraja drinks a potion.
The nagaraja suddenly seems more resistant. 😱 HP[+1]
A salamander comes into view.
The nagaraja hits you with a +2 vampiric spear!!
* * * LOW HITPOINT WARNING * * *
The nagaraja grabs you. The nagaraja constricts you.
* * * LOW HITPOINT WARNING * * *
The nagaraja spits poison at you. The splash of poison hits you.
You are lethally poisoned!
You resist.
You die...

Skill      XL: |  1  2  3  4  5  6  7  8  9 10 11 12 13 14 15 16 |
---------------+-------------------------------------------------+-----
Fighting       | 4 5 6 7 8 10 12 14 16 18 19 21 22 | 22.6
Axes           | 4 5 6 7 8 10 12 14 15 16 18 19 20 | 20.2
Armour         | 7 11 13 14 15 16 | 16.1
Evocations     | 5 |  5.0
Dodging        | |  2.1

Action                   |  1- 3 |  4- 6 |  7- 9 | 10-12 | 13-15 | 16-18 || total
-------------------------+-------+-------+-------+-------+-------+-------++-------
Melee: Hand axe          |    55 |   147 |    97 |       |       |       ||   299
       Headbutt          |    11 |    15 |    28 |    78 |   177 |    15 ||   324
       Punch             |     1 |     1 |     1 |     8 |     8 |     1 ||    20
       Spear             |       |       |    94 |    31 |       |       ||   125
       War axe           |       |       |       |   391 |   677 |    49 ||  1117
       Unarmed           |       |       |       |     2 |       |       ||     2
       Executioner's axe |       |       |       |       |    46 |       ||    46
       Battleaxe         |       |       |       |       |    39 |       ||    39
Throw: Dart              |       |       |     5 |       |       |       ||     5
Invok: Berserk           |     1 |     4 |     3 |    10 |    11 |     1 ||    30
Evoke: Wand              |       |       |       |     1 |     5 |       ||     6
       Phantom mirror    |       |       |       |     1 |       |       ||     1
  Use: Potion            |       |     1 |       |     1 |     1 |       ||     3
       Scroll            |       |       |     1 |     1 |    18 |       ||    20
 Stab: Distracted        |       |       |       |       |       |     1 ||     1
Armor: Animal skin       |    10 |       |       |       |       |       ||    10
       Chain mail        |       |    59 |       |       |       |       ||    59
       Plate armour      |       |    17 |   121 |   273 |   490 |    26 ||   927
       Skin              |       |       |       |     1 |       |       ||     1
       Ring mail         |       |       |       |       |     3 |       ||     3
Dodge: Dodged            |    36 |    75 |    82 |   203 |   324 |    24 ||   744

Levels and vault maps discovered:
D:1:      matt_arrival_grand_opening, layout_basic
D:2:      layout_basic, minmay_liquid_box
D:3:      cheibrodos_thug_alley, layout_basic, amcnicky_altar_gilded,
          bloody_trog, elyvilon_altar_3
D:4:      layout_loops_ring, ebering_ghost_sewer_d, roderic_lattice_a,
          uniq_pikel
D:5:      layout_basic, jmf_multi_god_temple, minmay_door_square,
          minmay_ogre_servants
D:6:      layout_cave_pools, grunt_temple_overflow_order_and_chaos_1,
          grunt_gozag_statues, minmay_temple_entry_gardened_gates
D:7:      layout_cave_pools, nicolae_ru_awakened_eye, serial_park_tiny_pond,
          uniq_crazy_yiuf_cottage
D:8:      layout_basic, david_lair_shrubbed, uniq_gastronok
D:9:      layout_rooms, mainiacjoe_overflow_cross_hatched, uniq_maggie
D:10:     layout_basic, special_room [special_room_bee], uniq_psyche
D:11:     layout_rooms, uniq_harold, uniq_lodul
D:12:     layout_roguey, david_orc_5
Lair:1:   layout_cellular_growth, chequers_serial_rivers_micro_c,
          amcnicky_mini_pool_medium, serial_bayou_shore_a
Lair:2:   gammafunk_indiana_jones, layout_regular_city,
          minmay_snake_entry_guardpost_small, grunt_megastairs_2
Lair:3:   layout_chaotic_city, minmay_shoals_entry_hut, grunt_megastairs_3
Lair:4:   layout_cave_shapes, st_stairs_4, minivault_23, columned_hall_lemuel
Lair:5:   layout_small_grid, uniq_urug
Lair:6:   wormcave, layout_loops_ring, minmay_slime_entry_jelly_boxes
Shoals:1: layout_shoals, serial_shops, shop, shop,
          nicolae_shop_bloodbath_and_beyond, shop, nicolae_shoals_water_booths
Snake:1:  layout_rooms, st_stairs_3, uniq_louise, uniq_donald
Snake:2:  layout_chambers, serial_shops, shop, nrook_guardian_serpent_double,
          uniq_azrael
Snake:3:  layout_misc_corridors
Snake:4:  johnstein_snake_rune_scales, layout_cave_town, basic_altar, drop_trap,
          nicolae_snake_gridmaze_big_u
Orc:1:    layout_caves, serial_shops, nicolae_shop_statue_plus,
          nicolae_diamond_shop, shop, uniq_maurice
Orc:2:    st_orc_rangers, layout_caves, serial_shops, nicolae_square_shop,
          uniq_rupert

Notes
Turn   | Place    | Note
-------+----------+-------------------------------------------
     0 | D:1      | Faeu the Minotaur Berserker began the quest for the Orb.
     0 | D:1      | Reached XP level 1. HP: 19/19 MP: 0/0
     0 | D:1      | magus.rc [v1.9.6]
   462 | D:1      | Reached skill level 4 in Fighting
   462 | D:1      | Reached skill level 4 in Axes
   469 | D:1      | Reached XP level 2. HP: 23/27 MP: 1/1
   993 | D:2      | You pick up a book of Party Tricks {forbidden} and begin
                  | reading...
   993 | D:2      | You add the spells Apportation and Alistair's Intoxication
                  | to your library.
  1353 | D:2      | Reached XP level 3. HP: 34/34 MP: 2/2
  1357 | D:2      | HP: 12/52 [something/magic dart (8)]
  1359 | D:2      | Reached skill level 5 in Fighting
  1359 | D:2      | Reached skill level 5 in Axes
  1359 | D:2      | Reached XP level 4. HP: 14/42 MP: 3/3
  2251 | D:2      | HP: 10/42 [gnoll/+0 whip (1)]
  2256 | D:2      | Reached XP level 5. HP: 25/48 MP: 4/4
  2432 | D:3      | Found a bloodstained altar of Trog.
  2527 | D:3      | Found an ancient bone altar of Kikubaaqudgha.
  2615 | D:3      | You pick up a book of Displacement {forbidden} and begin
                  | reading...
  2615 | D:3      | You add the spells Lesser Beckoning, Gell's Gravitas and
                  | Teleport Other to your library.
  2774 | D:3      | Found a white marble altar of Elyvilon.
  2954 | D:3      | Reached ** piety under Trog
  2976 | D:3      | Reached skill level 6 in Fighting
  2976 | D:3      | Reached skill level 6 in Axes
  3518 | D:4      | Reached XP level 6. HP: 48/57 MP: 5/5
  3592 | D:4      | Found a runed translucent door.
  3620 | D:4      | Noticed Pikel
  3648 | D:5      | Entered Level 5 of the Dungeon
  3959 | D:5      | Noticed a water moccasin
  3972 | D:5      | Killed a water moccasin
  3973 | D:5      | Reached skill level 7 in Fighting
  3973 | D:5      | Reached skill level 7 in Axes
  4208 | D:5      | Found a shadowy altar of Dithmenos.
  4296 | D:5      | Found a broken altar of Ashenzari.
  4374 | D:5      | Reached XP level 7. HP: 66/66 MP: 6/6
  4547 | D:5      | You add the spells Conjure Flame, Ignite Poison and Sticky
                  | Flame to your library.
  5045 | D:6      | Reached skill level 8 in Axes
  5052 | D:6      | Reached skill level 8 in Fighting
  5191 | D:6      | Reached XP level 8. HP: 75/75 MP: 7/7
  5254 | D:6      | Reached skill level 9 in Fighting
  5254 | D:6      | Reached skill level 9 in Axes
  5277 | D:6      | Found an opulent altar of Gozag.
  5543 | D:6      | Reached *** piety under Trog
  5619 | D:6      | Found a staircase to the Ecumenical Temple.
  5631 | D:6      | Noticed an angel
  5632 | D:6      | Found a shimmering altar of Xom.
  5633 | D:6      | Found a glowing silver altar of Zin.
  5695 | D:6      | Reached skill level 10 in Fighting
  5695 | D:6      | Reached skill level 10 in Axes
  5705 | D:6      | Identified the +2 plate armour of Noikhlef {+Inv Str+4}
  5752 | D:6      | Identified the +4 spear of Fortitude {chaos, rElec Stlth+}
  6057 | D:7      | Reached XP level 9. HP: 61/86 MP: 8/8
  6315 | D:7      | Reached skill level 11 in Fighting
  6315 | D:7      | Reached skill level 11 in Axes
  6545 | D:7      | You pick up a book of Storms {forbidden} and begin
                  | reading...
  6545 | D:7      | You add the spells Airstrike, Summon Lightning Spire and
                  | Lightning Bolt to your library.
  6555 | D:7      | Found a sacrificial altar of Ru.
  6861 | D:7      | Found a runed translucent door.
  7051 | D:7      | Noticed Crazy Yiuf
  7058 | D:7      | Killed Crazy Yiuf
  7299 | D:8      | You pick up a book of Alchemy {forbidden} and begin
                  | reading...
  7299 | D:8      | You add the spells Sublimation of Blood, Petrify and
                  | Irradiate to your library.
  7385 | D:8      | Noticed Gastronok
  7428 | D:8      | Killed Gastronok
  7429 | D:8      | Reached skill level 12 in Fighting
  7429 | D:8      | Reached skill level 12 in Axes
  7429 | D:8      | Reached XP level 10. HP: 77/100 MP: 9/9
  7605 | D:8      | You pick up a book of the Moon {forbidden} and begin
                  | reading...
  7605 | D:8      | You add the spells Passage of Golubria, Silence and
                  | Lehudib's Crystal Spear to your library.
  7741 | D:8      | Found a staircase to the Lair.
  7750 | D:8      | Reached skill level 13 in Fighting
  7750 | D:8      | Reached skill level 13 in Axes
  7946 | D:9      | Noticed a two-headed ogre
  7951 | D:9      | Killed a two-headed ogre
  8227 | D:9      | Identified the +12 war axe "Wohuam" {protect, Int+2}
  8254 | D:9      | Found a radiant altar of Vehumet.
  8312 | D:9      | Reached **** piety under Trog
  8377 | D:9      | You pick up a book of Weapons {forbidden} and begin
                  | reading...
  8377 | D:9      | You add the spells Tukima's Dance, Portal Projectile and
                  | Blade Hands to your library.
  8444 | D:9      | Noticed Maggie
  8450 | D:9      | Killed Maggie
  8634 | D:9      | Noticed a two-headed ogre
  8639 | D:9      | Killed a two-headed ogre
  8640 | D:9      | Reached skill level 14 in Fighting
  8640 | D:9      | Reached skill level 14 in Axes
  8748 | D:10     | Entered Level 10 of the Dungeon
  8885 | D:10     | Noticed Psyche
  8891 | D:10     | Killed Psyche
  9299 | D:10     | Reached XP level 11. HP: 111/111 MP: 10/10
  9335 | D:10     | Reached ***** piety under Trog
  9357 | D:10     | Reached skill level 15 in Fighting
  9357 | D:10     | Reached skill level 15 in Axes
  9930 | D:10     | You pick up a book of Burglary {forbidden} and begin
                  | reading...
  9930 | D:10     | You add the spells Passwall, Ensorcelled Hibernation and
                  | Swiftness to your library.
 10233 | D:11     | You pick up a book of the Senses {forbidden} and begin
                  | reading...
 10233 | D:11     | You add the spells Dazzling Flash and Agony to your
                  | library.
 10235 | D:11     | You fall into a shaft and drop 1 floor!
 10257 | D:12     | Reached skill level 3 in Armour
 10366 | D:12     | Reached skill level 4 in Armour
 10600 | D:12     | Found a staircase to the Orcish Mines.
 10610 | D:12     | Reached skill level 5 in Armour
 10626 | D:12     | Identified the +8 battleaxe of Quantum Leap {vorpal, *Noise
                  | +Blink Stlth+} (Trog gifted it to you on level 12 of the
                  | Dungeon)
 10626 | D:12     | Received a gift from Trog
 10752 | D:12     | Noticed a seven-headed hydra
 10755 | D:12     | Killed a seven-headed hydra
 10961 | D:12     | Reached skill level 6 in Armour
 10965 | D:12     | Reached skill level 16 in Fighting
 11070 | D:12     | Noticed a five-headed hydra
 11205 | D:11     | You pick up a book of Frost {forbidden} and begin
                  | reading...
 11205 | D:11     | You add the spells Freeze, Frozen Ramparts and Hailstorm to
                  | your library.
 11234 | D:11     | Noticed a two-headed ogre
 11238 | D:11     | Killed a two-headed ogre
 11247 | D:11     | Reached skill level 7 in Armour
 11259 | D:11     | Reached XP level 12. HP: 77/123 MP: 11/11
 11550 | D:11     | Noticed Harold
 11562 | D:11     | Killed Harold
 11647 | D:11     | Noticed Lodul
 11662 | D:11     | Killed Lodul
 11663 | D:11     | Reached skill level 16 in Axes
 11663 | D:11     | Reached skill level 8 in Armour
 11960 | D:12     | Killed a five-headed hydra
 12216 | D:12     | Noticed an eight-headed hydra
 12273 | Orc:1    | Entered Level 1 of the Orcish Mines
 12425 | Orc:2    | Entered Level 2 of the Orcish Mines
 12430 | Orc:2    | Found a staircase to the Elven Halls.
 12504 | Orc:2    | Reached skill level 17 in Fighting
 12504 | Orc:2    | Reached skill level 9 in Armour
 12539 | Orc:2    | Gained mutation: You are agile. (Dex +2) [potion of
                  | mutation]
 12539 | Orc:2    | Gained mutation: You expend magic power (3 MP) to
                  | strengthen your wands. [potion of mutation]
 12539 | Orc:2    | Gained mutation: You are very agile. (Dex +4) [potion of
                  | mutation]
 12539 | Orc:2    | Noticed Rupert
 12725 | Orc:2    | Received a gift from Trog
 13333 | Orc:2    | Reached skill level 10 in Armour
 13637 | Orc:2    | Paralysed by Rupert for 5 turns
 13653 | Orc:2    | Killed Rupert
 14016 | Orc:2    | Found Soubreag's Weapon Shop.
 14161 | Orc:2    | Found Jeoh's Armour Boutique.
 14161 | Orc:2    | Found Hiloicull's Weapon Shoppe.
 14163 | Orc:2    | Found Peerahid's Armour Emporium.
 14165 | Orc:2    | Found Nystusmy's Magic Scroll Shop.
 14597 | Orc:1    | Found Nopt's Distillery.
 14615 | Orc:2    | Reached skill level 18 in Fighting
 14615 | Orc:2    | Reached skill level 11 in Armour
 14701 | Orc:1    | Received a gift from Trog
 14708 | Orc:1    | E - a +4 executioner's axe of flaming {axerare=g}
 14877 | Orc:1    | Noticed Maurice
 14992 | Orc:1    | Killed Maurice
 14993 | Orc:1    | Reached XP level 13. HP: 134/134 MP: 12/12
 15051 | Orc:1    | Found Wakki's Antique Armour Emporium.
 15070 | Orc:1    | Found Viklykos's Jewellery Emporium.
 15397 | Lair:1   | Entered Level 1 of the Lair of Beasts
 15404 | Lair:1   | Reached skill level 1 in Evocations
 15633 | Lair:1   | Reached skill level 2 in Evocations
 15793 | Lair:1   | Upgraded the game from 0.29-a0-451-gfbfa42419e to
                  | 0.29-a0-453-gf113fcf677
 15793 | Lair:1   | magus.rc [v1.9.6]
 15834 | Lair:1   | Identified the +7 short sword "Zuemidor" {venom, rPois}
 16918 | Lair:2   | Found a staircase to the Snake Pit.
 16930 | Lair:2   | You pick up a book of Cantrips {forbidden} and begin
                  | reading...
 16930 | Lair:2   | You add the spells Necrotize and Summon Small Mammal to
                  | your library.
 17108 | Lair:2   | Reached skill level 3 in Evocations
 17114 | Lair:2   | Reached skill level 12 in Armour
 17436 | Lair:2   | Found a runed translucent door.
 17653 | Lair:2   | Found a runed translucent gate.
 17654 | Lair:2   | Identified the +7 whip of Radicalism {freeze, rPois Will+
                  | Int-2}
 17655 | Lair:2   | Found a runed translucent gate.
 17656 | Lair:2   | Found a runed translucent gate.
 17656 | Lair:2   | Found a runed translucent gate.
 17656 | Lair:2   | Found a runed translucent gate.
 17656 | Lair:2   | Identified the +2 hat of Analysis {rF+}
 17657 | Lair:2   | Found a runed translucent gate.
 17845 | Lair:3   | your +4 executioner's axe of flaming {axerare=g} bursts
                  | into flame!
 17845 | Lair:3   | E - a +4 executioner's axe of flaming (weapon) {axerare=g}
 17862 | Lair:3   | Reached skill level 4 in Evocations
 17875 | Lair:3   | your +4 executioner's axe of flaming {axerare=g} stops
                  | flaming.
 18037 | Lair:3   | Reached skill level 19 in Fighting
 18190 | Lair:3   | You fall into a shaft and drop 3 floors!
 18190 | Lair:6   | Entered Level 6 of the Lair of Beasts
 18195 | Lair:6   | your +4 executioner's axe of flaming {axerare=g} bursts
                  | into flame!
 18195 | Lair:6   | E - a +4 executioner's axe of flaming (weapon) {axerare=g}
 18672 | Lair:5   | your +4 executioner's axe of flaming {axerare=g} stops
                  | flaming.
 18680 | Lair:5   | Reached skill level 5 in Evocations
 18726 | Lair:6   | Reached skill level 13 in Armour
 18981 | Lair:6   | Found a staircase to the Slime Pits.
 19612 | Lair:5   | Reached XP level 14. HP: 110/146 MP: 13/13
 19678 | Lair:5   | Noticed Urug
 19688 | Lair:5   | Killed Urug
 19774 | Lair:5   | Identified the +5 chain mail of Mumblety Peg {rF- Int+6}
 19878 | Lair:5   | Reached ****** piety under Trog
 20360 | Lair:4   | your +4 executioner's axe of flaming {axerare=g} bursts
                  | into flame!
 20360 | Lair:4   | E - a +4 executioner's axe of flaming (weapon) {axerare=g}
 20427 | Lair:4   | your +4 executioner's axe of flaming {axerare=g} stops
                  | flaming.
 20733 | Lair:4   | Received a gift from Trog
 20734 | Lair:4   | Reached skill level 14 in Armour
 20784 | Lair:4   | your +4 executioner's axe of flaming {axerare=g} bursts
                  | into flame!
 20784 | Lair:4   | E - a +4 executioner's axe of flaming (weapon) {axerare=g}
 20787 | Lair:4   | your +4 executioner's axe of flaming {axerare=g} stops
                  | flaming.
 21004 | Lair:3   | You add the spells Olgreb's Toxic Radiance, Ozocubu's
                  | Refrigeration and Ignition to your library.
 21222 | Lair:3   | Found a staircase to the Shoals.
 21522 | Lair:2   | Reached skill level 17 in Axes
 21524 | Lair:2   | Reached skill level 20 in Fighting
 21714 | Snake:1  | Entered Level 1 of the Snake Pit
 21977 | Snake:1  | You pick up a book of Party Tricks {forbidden} and begin
                  | reading...
 21978 | Snake:1  | Noticed Louise
 22039 | Shoals:1 | Entered Level 1 of the Shoals
 22541 | Snake:1  | Killed Louise
 22828 | Snake:1  | You fall into a shaft and drop 1 floor!
 22828 | Snake:2  | Noticed Azrael
 22834 | Snake:2  | Killed Azrael
 22835 | Snake:2  | Reached skill level 18 in Axes
 22990 | Snake:2  | Reached skill level 21 in Fighting
 22990 | Snake:2  | Reached XP level 15. HP: 114/158 MP: 3/14
 23367 | Snake:2  | Found Lahetida's Jewellery Shoppe.
 23799 | Snake:2  | Noticed a nagaraja
 23813 | Snake:2  | Killed a nagaraja
 24710 | Snake:3  | Reached skill level 19 in Axes
 24769 | Snake:3  | Received a gift from Trog
 25013 | Snake:3  | Reached skill level 15 in Armour
 25104 | Snake:3  | Reached skill level 22 in Fighting
 25151 | Snake:3  | You pick up a book of the Spheres {forbidden} and begin
                  | reading...
 25151 | Snake:3  | You add the spells Iskenderun's Battlesphere, Fireball,
                  | Conjure Ball Lightning and Orb of Destruction to your
                  | library.
 25819 | Snake:3  | You pick up a book of Geomancy {forbidden} and begin
                  | reading...
 25819 | Snake:3  | You add the spells Sandblast and Stone Arrow to your
                  | library.
 25918 | Snake:4  | Entered Level 4 of the Snake Pit
 25953 | Snake:4  | Noticed a nagaraja
 26066 | Snake:4  | Killed a nagaraja
 26381 | Snake:4  | Received a gift from Trog
 26404 | Snake:4  | HP: 60/240 [salamander/+0 halberd of venom (5)]
 26529 | Snake:4  | Found a snail-covered altar of Cheibriados.
 26637 | Snake:4  | Noticed a nagaraja
 26650 | Snake:4  | Killed a nagaraja
 26651 | Snake:4  | Noticed a nagaraja
 26660 | Snake:4  | Reached XP level 16. HP: 170/170 MP: 15/15
 26665 | Snake:4  | Reached skill level 20 in Axes
 26979 | Snake:4  | Reached skill level 16 in Armour
 27036 | Snake:4  | HP: 56/255 [naga warrior/+0 halberd (22)]
 27038 | Snake:4  | HP: 3/255 [nagaraja/+2 vampiric spear (33)]
 27038 | Snake:4  | HP: 1/255 [constriction (2)]
 27038 | Snake:4  | Killed from afar by a nagaraja

Vanquished Creatures
  Rupert (Orc:2)
  Gastronok (D:8)
  5 nagarajas
  Louise (Snake:1)
  Azrael (Snake:2)
  Harold (D:11)
  2 boulder beetles (Lair:2)
  6 hydras
  8 anacondas
  14 naga warriors
  3 two-headed ogres
  3 shock serpents
  5 death yaks (Lair:5)
  11 naga sharpshooters
  Urug (Lair:5)
  Lodul (D:11)
  2 salamander mystics (Snake:4)
  6 naga ritualists
  A lindwurm (Lair:2)
  3 orc knights (Orc:2)
  A wolf spider (Lair:2)
  13 mana vipers
  2 orc sorcerers
  7 salamanders
  A cyclops (D:11)
  4 elephants (Lair:3)
  A manticore (D:12)
  6 guardian serpents
  34 black mambas
  Maurice (Orc:1)
  13 naga magi
  11 cane toads
  4 rime drakes
  Psyche (D:10)
  Maggie (D:9)
  A gargoyle (D:12)
  3 yaktaurs (D:12)
  7 komodo dragons
  3 trolls
  A polar bear (Lair:4)
  A tarantella (Lair:2)
  3 hornets
  A queen bee (D:10)
  12 dream sheep
  12 blink frogs
  A snapping turtle (Lair:3)
  6 slime creatures (D:12)
  A centaur simulacrum (D:11)
  A jumping spider (Lair:2)
  6 wyverns
  A wraith (D:11)
  2 shadows (D:12)
  32 yaks
  A vampire (D:11)
  3 basilisks
  2 fire elementals (Snake:2)
  A hog (shapeshifter) (D:10)
  A redback (Lair:2)
  5 vampire mosquitoes
  A steam dragon (D:7)
  39 nagas
  3 wargs (Orc:2)
  18 water moccasins
  2 acid dragons
  2 hell hounds (Snake:2)
  30 orc warriors
  4 black bears
  17 ogres
  8 wolves
  14 centaurs
  A phantom (D:7)
  3 kobold brigands
  15 bullfrogs
  A necrophage (D:5)
  2 scorpions (D:6)
  3 wights (D:6)
  24 killer bees
  An electric eel (Lair:1)
  2 lava snakes (Lair:2)
  Crazy Yiuf (D:7)
  18 orc priests
  3 hounds
  19 jellies
  21 orc wizards
  3 gnolls (D:2)
  8 adders
  2 white imps
  3 worms
  3 dart slugs
  73 orcs
  4 endoplasms
  A giant cockroach (D:2)
  10 goblins
  3 hobgoblins
  22 kobolds
  4 quokkas
  7 ball pythons
  7 bats
  6 frilled lizards
  4 rats
695 creatures vanquished.

Vanquished Creatures (collateral kills)
  A hydra (D:12)
1 creature vanquished.

Vanquished Creatures (others)
  An orc wizard (Orc:2)
  10 fungi
  40 plants
51 creatures vanquished.

Grand Total: 747 creatures vanquished

Table legend:
 A = Non-vault XP
 B = Vault XP
 C = Vault XP percentage of total XP
 D = Non-vault monster count
 E = Vault monster count
 F = Vault count percentage of total count
                 A         B        C        D         E       F
            +---------+---------+-------+---------+---------+-------
      Total |  126250 |   38948 |  23.6 |     518 |     179 |  25.7
            +---------+---------+-------+---------+---------+-------
        D:1 |      22 |       0 |   0.0 |      13 |       0 |   0.0
        D:2 |     184 |       0 |   0.0 |      26 |       0 |   0.0
        D:3 |      46 |     119 |  72.1 |      15 |      10 |  40.0
        D:4 |      21 |       0 |   0.0 |       4 |       0 |   0.0
        D:5 |     456 |     177 |  28.0 |      12 |      11 |  47.8
        D:6 |    1397 |       0 |   0.0 |      27 |       0 |   0.0
        D:7 |    1267 |      42 |   3.2 |      17 |       1 |   5.6
        D:8 |     935 |    1878 |  66.8 |      10 |       2 |  16.7
        D:9 |    2950 |     332 |  10.1 |      21 |       1 |   4.5
       D:10 |    1714 |    1867 |  52.1 |      17 |      21 |  55.3
       D:11 |    3770 |    2698 |  41.7 |      15 |      11 |  42.3
       D:12 |    6017 |     656 |   9.8 |      21 |      22 |  51.2
     Lair:1 |    4296 |     389 |   8.3 |      20 |       1 |   4.8
     Lair:2 |    3999 |    4438 |  52.6 |      18 |      13 |  41.9
     Lair:3 |    7818 |     371 |   4.5 |      22 |       2 |   8.3
     Lair:4 |    6356 |     373 |   5.5 |      21 |       1 |   4.5
     Lair:5 |    8493 |     792 |   8.5 |      25 |       1 |   3.8
     Lair:6 |    5147 |     636 |  11.0 |      20 |      15 |  42.9
    Snake:1 |   14311 |    1237 |   8.0 |      27 |       1 |   3.6
    Snake:2 |   17027 |    2559 |  13.1 |      32 |       7 |  17.9
    Snake:3 |   20758 |       0 |   0.0 |      41 |       0 |   0.0
    Snake:4 |   14995 |   12992 |  46.4 |      32 |      21 |  39.6
      Orc:1 |    2118 |     445 |  17.4 |      27 |       1 |   3.6
      Orc:2 |    2153 |    6947 |  76.3 |      35 |      37 |  51.4
            +---------+---------+-------+---------+---------+-------

Illustrated notes

Table legend:
 A = Kills in this place as a percentage of kills in entire the game.
 B = Kills by you in this place as a percentage of kills by you in the entire game.
 C = Kills by friends in this place as a percentage of kills by friends in the entire game.
 D = Other kills in this place as a percentage of other kills in the entire game.
 E = Experience gained in this place as a percentage of experience gained in the entire game.
 F = Experience gained in this place divided by the number of levels of this place that you have seen.
                   A       B       C       D       E      F
               +-------+-------+-------+-------+-------+----------------------
         Total | 100.0 | 100.0 | 100.0 | 100.0 | 100.0 | 6607.9
       Dungeon |  39.7 |  39.7 | 100.0 |   0.0 |  16.1 | 2212.3
          Lair |  22.8 |  22.9 |   0.0 |   0.0 |  26.1 | 7184.7
     Snake Pit |  23.1 |  23.2 |   0.0 |   0.0 |  50.8 | 20969.8
  Orcish Mines |  14.3 |  14.2 |   0.0 | 100.0 |   7.1 | 5831.5
               +-------+-------+-------+-------+-------+----------------------

Table legend: (Time is in decaauts)
 A = Elapsed time spent in this place.
 B = Non-inter-level travel time spent in this place.
 C = Inter-level travel time spent in this place.
 D = Time resting spent in this place.
 E = Time spent auto-exploring this place.
 F = Levels seen in this place.
 G = Mean time per level.
                   A        B        C        D        E       F      G
               +--------+--------+--------+--------+--------+-----+--------+
         Total |  27087 |  25832 |   1255 |   4924 |  14751 |  25 | 1083.5 |
       Dungeon |  12701 |  12072 |    629 |   1595 |   8036 |  12 | 1058.4 |
          Lair |   6660 |   6245 |    415 |   1084 |   4100 |   6 | 1110.0 |
        Shoals |      1 |      1 |      0 |      0 |      0 |   1 |    1.0 |
     Snake Pit |   4618 |   4567 |     51 |   1285 |   1619 |   4 | 1154.5 |
  Orcish Mines |   3105 |   2947 |    158 |    958 |    995 |   2 | 1552.5 |
               +--------+--------+--------+--------+--------+-----+--------+

Top non-repeatable levels by time:
   Orc:2: 2407 daAuts
 Snake:2: 1917 daAuts
    D:10: 1790 daAuts
  Lair:2: 1763 daAuts
     D:2: 1522 daAuts
 Snake:3: 1468 daAuts
     D:5: 1417 daAuts
     D:6: 1401 daAuts
  Lair:6: 1237 daAuts
  Lair:1: 1187 daAuts
    D:12: 1140 daAuts
     D:8: 1103 daAuts
  Lair:3: 960 daAuts
     D:3: 933 daAuts
     D:1: 925 daAuts
